[Event "WYCC 2018 G14"]
[Site "Halkidiki"]
[Date "2018.10.24"]
[Round "6"]
[White "Dhyana Patel"]
[Black "Zeng, Sheena"]
[Result "1-0"]
[ECO "C06"]
[WhiteElo "2002"]
[BlackElo "1807"]
[Annotator "NA"]
[PlyCount "113"]
[EventDate "2018.10.20"]
[EventType "swiss"]
[EventCountry "GRE"]
[SourceTitle "playchess.com"]
[Source "ChessBase"]
[SourceQuality "1"]
[TimeControl "40/5400+30:1800+30"]

1. e4 e6 2. d4 d5 3. Nd2 Nf6 4. e5 Nfd7 5. Bd3 c5 6. c3 Nc6 7. Ne2 cxd4 8. cxd4 f6 9. Nf4 Nxd4 10. Qh5+ Ke7 11. exf6+ Nxf6 12. Ng6+ hxg6 13. Qxh8 Kf7 14. O-O e5 15. Nb3 Nxb3 16. axb3 Bf5 17. Bxf5 gxf5 18. Bg5 Bc5 19. Qh3 Ke6 20. Bxf6 gxf6 21. Ra4 e4 22. b4 Bb6 23. Ra3 Qh8 24. Qb3 Qh4 25. Qc2 Rg8 26. Rg3 Rxg3 27. Qc8+ Kd6 28. hxg3 Qh7 29. Rc1 e3 30. Qb8+ Ke6 31. Qe8+ Qe7 32. Qxe7+ Kxe7 33. Re1 d4 34. fxe3 dxe3 35. Kf1 Ke6 36. Ke2 Ke5 37. Kf3 Kd5 38. b3 Kc6 39. Rc1+ Kd5 40. Rd1+ Kc6 41. Rh1 Kd5 42. Rh5 Ke6 43. Rh7 Kd5 44. Rf7 Kd4 45. Rxf6 Kc3 46. Rxf5 Kxb3 47. g4 Kxb4 48. g5 Bd4 49. g6 Kc3 50. Rd5 Bf6 51. Rd7 b5 52. Rxa7 b4 53. g7 Bxg7 54. Rxg7 b3 55. Kxe3 b2 56. Rb7 Kc2 57. g4 1-0

[Event "WYCC 2018 G14"]
[Site "Halkidiki"]
[Date "2018.10.24"]
[Round "6"]
[White "Mrudul Dehankar"]
[Black "Caglar, Sila"]
[Result "0-1"]
[ECO "B75"]
[WhiteElo "1996"]
[BlackElo "2184"]
[Annotator "NA"]
[PlyCount "124"]
[EventDate "2018.10.20"]
[EventType "swiss"]
[EventCountry "GRE"]
[SourceTitle "playchess.com"]
[Source "ChessBase"]
[SourceQuality "1"]
[TimeControl "40/5400+30:1800+30"]

1. e4 c5 2. Nf3 g6 3. d4 cxd4 4. Nxd4 Bg7 5. Nc3 d6 6. Be3 Nf6 7. f3 a6 8. Qd2 Nbd7 9. g4 b5 10. h4 h5 11. g5 $16 {LiveBook: 8 Games} Nh7 12. f4 Bb7 13. O-O-O Rc8 14. Kb1 O-O 15. Bh3 Re8 16. f5 Nhf8 17. Rhf1 Rc4 18. Nd5 Nc5 19. Bg2 e5 20. Nb3 Nfd7 21. Bxc5 Nxc5 22. fxg6 fxg6 23. Nf6+ Bxf6 24. gxf6 Kh7 25. Nxc5 Rxc5 26. Qg5 Rf8 27. Rd3 Qc7 28. Rg3 Qf7 29. Qe3 Bc8 30. Qd2 Be6 31. a3 Rfc8 32. c3 d5 33. exd5 Bxd5 34. Bh3 Be4+ 35. Ka1 Rd5 36. Qe3 Rcd8 37. Rgg1 Bd3 38. Rf2 Bc4 39. Qc1 Bb3 40. Rff1 Bc4 41. Rf2 Bb3 42. Rff1 R5d6 43. Qg5 Bc4 44. Re1 Qxf6 45. Qxf6 Rxf6 46. Bg2 Rd2 47. Be4 Bf7 48. Bb1 Rh2 49. Rxe5 Rxh4 50. Re7 Kg8 51. Rd1 Rhf4 52. Ba2 h4 53. Rd8+ Kg7 54. Bxf7 Rxf7 55. Ree8 Rf8 56. Rd7+ R4f7 57. Rxf7+ Rxf7 58. Re6 Rf6 59. Re4 g5 60. Re7+ Kg6 61. Re8 h3 62. Rh8 g4 0-1

[Event "WYCC 2018 G14"]
[Site "Halkidiki"]
[Date "2018.10.24"]
[Round "6"]
[White "Matus, Nastassja"]
[Black "Kostina, Veronika"]
[Result "1-0"]
[ECO "A40"]
[WhiteElo "1983"]
[BlackElo "1700"]
[Annotator "NA"]
[PlyCount "107"]
[EventDate "2018.10.20"]
[EventType "swiss"]
[EventCountry "GRE"]
[SourceTitle "playchess.com"]
[Source "ChessBase"]
[SourceQuality "1"]
[TimeControl "40/5400+30:1800+30"]

1. d4 e6 2. c4 d5 3. Nf3 c5 4. cxd5 exd5 5. g3 Nc6 6. Bg2 Nf6 7. O-O Be7 8. b3 O-O 9. Bb2 Be6 10. dxc5 Bxc5 11. Nc3 a6 12. Na4 Ba7 13. Rc1 Qe7 14. a3 Na5 15. Bc3 Nc6 16. b4 Rac8 17. Bb2 Ne4 18. e3 b5 19. Nc3 Rfd8 20. Ne2 Nd6 21. Nfd4 Nc4 22. Nxc6 Rxc6 23. Bd4 Rcd6 24. Bxa7 Qxa7 25. Nd4 Qb6 26. Qd3 h6 27. Rb1 Ne5 28. Qb3 Nc4 29. Qa2 R6d7 30. Rfc1 Ra7 31. Rc3 Bg4 32. h3 Bh5 33. a4 Bg6 34. Rbc1 Rdd7 35. a5 Qd6 36. Qb3 Nd2 37. Rc8+ Kh7 38. Qc3 Nc4 39. Kh2 Rdc7 40. Rxc7 Rxc7 41. Nb3 Rc6 42. Nc5 Qd8 43. Qd4 Rf6 44. Kg1 Na3 45. e4 Qe7 46. e5 Rc6 47. Bxd5 Rc7 48. Qb2 Nc4 49. Bxc4 bxc4 50. Nxa6 Rb7 51. Qc3 Rb5 52. Nc5 Rxc5 53. bxc5 Qxc5 54. a6 1-0

[Event "WYCC 2018 G14"]
[Site "Halkidiki"]
[Date "2018.10.24"]
[Round "6"]
[White "Sim, Jia Ru"]
[Black "Tien, Sophie"]
[Result "1/2-1/2"]
[ECO "C54"]
[WhiteElo "1979"]
[BlackElo "1648"]
[Annotator "NA"]
[PlyCount "101"]
[EventDate "2018.10.20"]
[EventType "swiss"]
[EventCountry "GRE"]
[SourceTitle "playchess.com"]
[Source "ChessBase"]
[SourceQuality "1"]
[TimeControl "40/5400+30:1800+30"]

1. e4 e5 2. Nf3 Nc6 3. Bc4 Bc5 4. c3 Nf6 5. d4 exd4 6. e5 d5 7. Bb5 Ne4 8. cxd4 Bb6 9. Be3 O-O 10. h3 f5 11. exf6 Qxf6 12. Bxc6 bxc6 13. a3 a5 14. Nbd2 Nxd2 15. Qxd2 Ba6 16. Ne5 Rfe8 17. Rc1 Re6 18. a4 Rae8 19. Rc2 c5 20. dxc5 Qxe5 21. Kd1 Qe4 22. cxb6 Qxg2 23. Re1 cxb6 24. Qd4 Qe4 25. Rg1 Qxd4+ 26. Bxd4 g6 27. Rc7 Re4 28. Bf6 R8e6 29. Bc3 Rxa4 30. b3 Rh4 31. Rg3 d4 32. Bd2 Rh5 33. Rd7 Be2+ 34. Kc1 Rc6+ 35. Kb1 Re6 36. Rxd4 Ree5 37. Rd8+ Kf7 38. f4 Rd5 39. Rxd5 Rxd5 40. Kc2 Bb5 41. Rc3 Bd7 42. Rc7 Ke6 43. Rb7 Rd6 44. Ra7 Kd5 45. Bc3 Bxh3 46. Rxh7 Bf5+ 47. Kb2 Rc6 48. Rh2 Kc5 49. Rd2 Kb5 50. Rd5+ Ka6 51. Rd8 1/2-1/2

[Event "WYCC 2018 G14"]
[Site "Halkidiki"]
[Date "2018.10.24"]
[Round "6"]
[White "Hrebenshchykova, Yelyzaveta"]
[Black "Zhou, Iris"]
[Result "0-1"]
[ECO "B62"]
[WhiteElo "1968"]
[BlackElo "1779"]
[Annotator "NA"]
[PlyCount "104"]
[EventDate "2018.10.20"]
[EventType "swiss"]
[EventCountry "GRE"]
[SourceTitle "playchess.com"]
[Source "ChessBase"]
[SourceQuality "1"]
[TimeControl "40/5400+30:1800+30"]

1. e4 c5 2. Nf3 d6 3. d4 cxd4 4. Nxd4 Nf6 5. Nc3 Nc6 6. Bg5 e6 7. Bb5 Bd7 8. Bxc6 bxc6 9. Qf3 e5 10. Nf5 Bxf5 {[%emt 0:00:52] LiveBook: 21 Games B62: Sicilian: Richter-Rauzer: 6...e6: Unusual White 7th moves} 11. Qxf5 Be7 12. O-O (12. O-O-O O-O 13. Rd3 Rb8 14. Rhd1 g6 15. Bxf6 Bxf6 16. Qf3 Be7 17. Qe2 Qb6 18. b3 {1-0 (31) Haznedaroglu,K (2482)-Guliev,L (2373) Mersin 2016}) 12... h6 13. Be3 O-O $146 ({Predecessor:} 13... Qb8 14. Rab1 O-O 15. Rfd1 Rd8 16. f4 exf4 17. Qxf4 Qc8 18. h3 {½-½ (29) Tsvetkov,A-Zhukov,V Bulgaria 1999}) 14. Kh1 Qd7 15. Qxd7 Nxd7 16. f4 Rab8 17. Rab1 a5 18. b3 Bf6 19. Na4 Rb4 20. c4 Bd8 21. Rbd1 $11 Bc7 22. Bc1 exf4 23. Ba3 Rbb8 24. Bxd6 Bxd6 25. Rxd6 Ne5 26. Rfd1 Rfc8 27. h3 Kf8 28. Kg1 Ke7 29. Kf2 Rd8 30. c5 g5 31. g3 f3 32. g4 Rxd6 33. cxd6+ Kd8 34. Nc5 Rb4 35. Ke3 Rb5 36. Nd3 Kd7 37. Nf2 f6 38. Nh1 Rc5 39. Ng3 Rc2 40. Rd2 Rxd2 41. Kxd2 Kxd6 42. Ke3 Kc5 43. a3 Kb5 44. Kd4 a4 45. bxa4+ Kxa4 46. Kc5 Kxa3 47. Kd6 Kb4 48. Ke7 Kc4 49. Kxf6 Kd4 50. Kg7 f2 51. Kxh6 Nf3 52. Kg6 Ke5 0-1

[Event "WYCC 2018 G14"]
[Site "Halkidiki"]
[Date "2018.10.24"]
[Round "6"]
[White "Randrianarimanana, Alicia"]
[Black "Kong, Sydney"]
[Result "1/2-1/2"]
[ECO "A05"]
[WhiteElo "1947"]
[BlackElo "1659"]
[Annotator "NA"]
[PlyCount "169"]
[EventDate "2018.10.20"]
[EventType "swiss"]
[EventCountry "GRE"]
[SourceTitle "playchess.com"]
[Source "ChessBase"]
[SourceQuality "1"]
[TimeControl "40/5400+30:1800+30"]

1. Nf3 Nf6 2. g3 e6 3. Bg2 d5 4. d3 Bc5 5. O-O O-O 6. Nbd2 Nbd7 7. c3 b6 {[%emt 0:02:08] A00: Unregelmäßige Eröffnungen} 8. h3 $146 ({Vorgänger:} 8. b4 Bd6 9. a4 c5 10. Qb3 Bb7 11. b5 Qc7 12. e3 Rac8 13. c4 e5 14. Bb2 Rfe8 15. cxd5 Bxd5 {1-0 (54) Petran,P (2320)-Kotan,L (2245) Hungary 1998}) 8... Bb7 9. Re1 a5 10. a4 h6 11. e4 dxe4 12. dxe4 Qe7 13. e5 Nd5 14. Nf1 Rfd8 15. Qc2 Rab8 16. g4 Re8 17. g5 hxg5 18. Nxg5 $11 g6 19. Ng3 Ne3 20. Bxe3 Bxe3 21. Nxf7 Bxf2+ $1 22. Qxf2 Qxf7 23. Qxf7+ Kxf7 24. Rad1 Nc5 25. Rf1+ Ke7 26. Bxb7 Rxb7 27. Rd4 Rbb8 28. Rf6 Rg8 29. Rg4 g5 30. Rh6 Rg7 31. h4 Nd3 32. Rxg5 Rbg8 33. Ne4 Nxe5 34. Kf1 Nf7 35. Rxg7 Rxg7 36. Rh5 Rg4 37. Ng5 Nxg5 38. hxg5 Rxa4 39. Rh7+ Kd6 40. g6 Rg4 41. g7 c5 42. Kf2 b5 43. Kf3 Rg6 44. b3 a4 45. bxa4 bxa4 46. Rh4 Rxg7 47. Rxa4 Kd5 48. Rh4 c4 49. Rh8 Rc7 50. Rd8+ Ke5 51. Ra8 Rf7+ 52. Ke3 Rd7 53. Ke2 Rd3 54. Rc8 Rxc3 55. Kd2 Rd3+ 56. Kc2 Kd4 57. Rd8+ Ke4 58. Rc8 Rd4 59. Kc3 e5 60. Rh8 Kf3 61. Rh3+ Kg4 62. Rh1 Rf4 63. Rh8 Kf5 64. Rh5+ Ke6 65. Rh8 Re4 66. Re8+ Kd7 67. Rh8 Rg4 68. Ra8 Ke6 69. Re8+ Kd5 70. Rd8+ Ke4 71. Re8 Rg6 72. Rc8 Kd5 73. Rd8+ Kc5 74. Rc8+ Kd6 75. Kxc4 Re6 76. Kd3 e4+ 77. Ke3 Kd5 78. Rd8+ Ke5 79. Rh8 Kf5 80. Rf8+ Ke5 81. Rh8 Kd5 82. Rd8+ Kc5 83. Rd4 Re5 84. Rxe4 Rxe4+ 85. Kxe4 1/2-1/2

[Event "WYCC 2018 G14"]
[Site "Halkidiki"]
[Date "2018.10.24"]
[Round "6"]
[White "Kuhar, Larisa"]
[Black "Eizaguerri Floris, Maria"]
[Result "0-1"]
[ECO "B46"]
[WhiteElo "1916"]
[BlackElo "1987"]
[Annotator "NA"]
[PlyCount "70"]
[EventDate "2018.10.20"]
[EventType "swiss"]
[EventCountry "GRE"]
[SourceTitle "playchess.com"]
[Source "ChessBase"]
[SourceQuality "1"]
[TimeControl "40/5400+30:1800+30"]

1. e4 c5 2. Nf3 e6 3. d4 cxd4 4. Nxd4 Nc6 5. Nc3 a6 6. Be2 Qc7 7. O-O Nf6 8. Be3 Bb4 9. Na4 Be7 10. Nxc6 bxc6 11. Nb6 Rb8 12. Nxc8 Qxc8 13. Bd4 c5 14. Be5 Rb6 15. b3 Nxe4 16. Bxg7 Rg8 17. Be5 Bd6 18. Bxd6 Rxd6 19. Bd3 Qd8 20. Qh5 Rd5 21. Qxh7 Nf6 22. Qh4 Rh5 23. Qf4 Nd5 24. Qe4 f5 25. Qf3 Qh4 26. h3 Nf4 27. Rfd1 Rxg2+ 28. Kf1 Qg5 29. Ke1 Rxh3 30. Qa8+ Ke7 31. Bf1 Re3+ 32. Kd2 Rxf2+ 33. Kc1 Qf6 34. Kb1 Rxf1 35. Rxf1 Nd3 0-1

[Event "WYCC 2018 G14"]
[Site "Halkidiki"]
[Date "2018.10.24"]
[Round "6"]
[White "Baiburina, Kamilla"]
[Black "Wikar, Martyna"]
[Result "1-0"]
[ECO "B50"]
[WhiteElo "1907"]
[BlackElo "2024"]
[Annotator "NA"]
[PlyCount "123"]
[EventDate "2018.10.20"]
[EventType "swiss"]
[EventCountry "GRE"]
[SourceTitle "playchess.com"]
[Source "ChessBase"]
[SourceQuality "1"]
[TimeControl "40/5400+30:1800+30"]

1. e4 c5 2. Nf3 d6 3. c3 Nf6 4. Be2 Nbd7 5. d3 b6 6. O-O Bb7 7. Nbd2 e6 8. Re1 Be7 9. Bf1 O-O 10. d4 {[%emt 0:00:56] B50: Sicilian: 2...d6, Miscellaneous} cxd4 11. cxd4 Rc8 12. b3 {[%emt 0:04:01] LiveBook: 3 Games} Rc7 13. Bd3 Qa8 14. Ba3 {[%emt 0:01:39] [#]} Qd8 $146 ({Predecessor:} 14... Rfc8 15. Qe2 Nf8 16. Bb2 h6 17. Rab1 d5 {0-1 (89) Maiwald,J (2450)-Bischoff,K (2535) Gladenbach 1997}) 15. Qe2 h6 16. Rac1 Re8 17. h3 Bf8 18. Bb2 Rxc1 19. Rxc1 e5 20. d5 Nc5 21. Bb5 Re7 22. b4 Ncd7 23. Bc6 Nb8 $16 24. Bxb7 Rxb7 25. Qc4 Qd7 26. Nh4 a5 27. b5 Ne8 28. Qc8 g6 29. a4 Be7 30. Nhf3 Kf8 31. Ne1 Bg5 32. Nef3 Be7 33. Ba3 h5 34. Rc2 f6 35. Ne1 Kf7 36. Nd3 Kf8 37. f4 Kf7 38. Nf3 Qxc8 39. Rxc8 Nd7 40. Nd2 Rc7 41. Rxc7 Nxc7 42. Nc4 Ne8 43. g4 h4 44. Kf2 Bf8 45. Kf3 Be7 46. Bc1 Bd8 47. g5 exf4 48. Bxf4 Bc7 49. Kg4 fxg5 50. Bxg5 Nef6+ 51. Kf3 Nh7 52. Bxh4 g5 53. Bg3 Ke7 54. Ne3 Ne5+ 55. Nxe5 dxe5 56. Nc4 Kf6 57. d6 Bd8 58. Nxe5 Ke6 59. Nc6 Bf6 60. e5 Bg7 61. Nd4+ Kd7 62. e6+ 1-0

[Event "WYCC 2018 G14"]
[Site "Halkidiki"]
[Date "2018.10.24"]
[Round "6"]
[White "Nguyen, Thien Ngan"]
[Black "De Rycke, Tyani"]
[Result "1-0"]
[ECO "B40"]
[WhiteElo "1888"]
[BlackElo "1758"]
[Annotator "NA"]
[PlyCount "129"]
[EventDate "2018.10.20"]
[EventType "swiss"]
[EventCountry "GRE"]
[SourceTitle "playchess.com"]
[Source "ChessBase"]
[SourceQuality "1"]
[TimeControl "40/5400+30:1800+30"]

1. e4 c5 2. Nf3 e6 3. d4 cxd4 4. Nxd4 Nf6 5. Nc3 Nc6 6. Ndb5 Bb4 7. a3 Bxc3+ 8. Nxc3 d5 9. exd5 exd5 10. Bg5 d4 11. Ne4 Qa5+ 12. Bd2 Qe5 13. Bd3 Nxe4 14. O-O O-O 15. Re1 Nxf2 16. Kxf2 Qf6+ 17. Kg1 Be6 18. Qh5 g6 19. Qb5 Rab8 20. Bg5 Qg7 21. Bf4 Rbc8 22. Qxb7 Bd5 23. Re2 Rfd8 24. Rae1 h5 25. h4 a5 26. Qb6 Rd7 27. Re8+ Rxe8 28. Rxe8+ Kh7 29. Bb5 Re7 30. Bxc6 Rxe8 31. Bxe8 Qf8 32. Bb5 Qc8 33. Qxd4 Qe6 34. Bf1 Qc6 35. c4 Be6 36. b4 axb4 37. axb4 Qb7 38. c5 Bd7 39. b5 Bxb5 40. Qb4 Bc6 41. Qxb7 Bxb7 42. Bb5 Bc8 43. Be5 Kg8 44. Bf6 Kf8 45. Kf2 Be6 46. Ke3 Bc8 47. Kd4 Kg8 48. Ke5 Kh7 49. Kd6 Kh6 50. Ke7 g5 51. hxg5+ Kh7 52. Kxf7 Bf5 53. c6 Bg6+ 54. Ke7 Bf5 55. c7 Kg6 56. Bd7 Bxd7 57. Kxd7 h4 58. c8=Q Kf5 59. Kd6+ Kf4 60. Qc4+ Ke3 61. Qxh4 Kd3 62. Qf4 Ke2 63. Kd5 Ke1 64. Bc3+ Ke2 65. Qf3# 1-0

[Event "WYCC 2018 G14"]
[Site "Halkidiki"]
[Date "2018.10.24"]
[Round "6"]
[White "Lomaia, Diana"]
[Black "Dimitrijevic, Andjela"]
[Result "1-0"]
[ECO "B67"]
[WhiteElo "1876"]
[BlackElo "1744"]
[Annotator "NA"]
[PlyCount "113"]
[EventDate "2018.10.20"]
[EventType "swiss"]
[EventCountry "GRE"]
[SourceTitle "playchess.com"]
[Source "ChessBase"]
[SourceQuality "1"]
[TimeControl "40/5400+30:1800+30"]

1. e4 c5 2. Nf3 d6 3. d4 cxd4 4. Nxd4 Nf6 5. Nc3 Nc6 6. Bg5 e6 7. Qd2 a6 8. O-O-O Bd7 9. f3 h6 10. Be3 b5 11. g4 Qa5 12. Nb3 Qc7 13. Qf2 Rb8 14. h4 b4 15. Ne2 a5 16. Nbd4 Ne5 17. Ng3 d5 18. g5 hxg5 19. hxg5 Rxh1 20. Nxh1 Ng8 21. exd5 exd5 22. f4 Ng4 23. Qe2 Nxe3 24. Qxe3+ Ne7 25. f5 Kd8 26. Ng3 Rc8 27. Rd2 Rb8 28. Rh2 Qd6 29. Rf2 Rc8 30. f6 Nc6 31. Ngf5 Bxf5 32. Nxf5 d4 33. Qe2 Qd5 34. Bg2 Qc5 35. Rf4 g6 36. Bxc6 Rxc6 37. Nxd4 Rd6 38. Nf3 Qd5 39. Rc4 Qf5 40. Re4 Re6 41. Rxe6 fxe6 42. Qd3+ Ke8 43. Qxf5 gxf5 44. g6 Bh6+ 45. Kd1 Bf4 46. Nd4 Be5 47. f7+ Kf8 48. Nxe6+ Ke7 49. f8=Q+ Kxe6 50. g7 Bxg7 51. Qxg7 f4 52. Ke2 Kf5 53. Kf3 a4 54. Qg4+ Kf6 55. Qxf4+ Ke6 56. Qxb4 Kf6 57. Qe4 1-0

[Event "WYCC 2018 G14"]
[Site "Halkidiki"]
[Date "2018.10.24"]
[Round "6"]
[White "Kasaeva, Sofiia"]
[Black "Gregurkova, Nikola"]
[Result "1-0"]
[ECO "B01"]
[WhiteElo "1874"]
[BlackElo "1627"]
[Annotator "NA"]
[PlyCount "91"]
[EventDate "2018.10.20"]
[EventType "swiss"]
[EventCountry "GRE"]
[SourceTitle "playchess.com"]
[Source "ChessBase"]
[SourceQuality "1"]
[TimeControl "40/5400+30:1800+30"]

1. e4 d5 2. exd5 Qxd5 3. Nc3 Qa5 4. d4 Nf6 5. Nf3 Bf5 6. Bd2 e6 7. Be2 Be7 8. O-O c6 9. Ne4 Qc7 10. Ng3 Bg6 11. c4 Nbd7 12. b4 O-O 13. Rc1 b6 14. a4 c5 15. dxc5 bxc5 16. b5 Ne4 17. Nxe4 Bxe4 18. Bc3 Bf6 19. Bxf6 Nxf6 20. Ng5 Rfd8 21. Qb3 Bb7 22. Qc3 h6 23. Nf3 a6 24. Ra1 Ne4 25. Qc2 g5 26. Bd3 Nf6 27. Qe2 Qf4 28. Ne5 Be4 29. Bxe4 Nxe4 30. Nd3 Qf5 31. Ra3 Rd4 32. f3 Nd6 33. Ne5 axb5 34. Nc6 Qf6 35. Nxd4 Qxd4+ 36. Kh1 Qxc4 37. Qf2 Rxa4 38. Rxa4 bxa4 39. Rd1 Nf5 40. Qb2 Qb3 41. Rd8+ Kh7 42. Qh8+ Kg6 43. Rg8+ Kh5 44. Qa1 Kh4 45. Qe1+ Kh5 46. g4# 1-0

[Event "WYCC 2018 G14"]
[Site "Halkidiki"]
[Date "2018.10.24"]
[Round "6"]
[White "Behzad Nazif, Parva"]
[Black "Galvan Cipriani, Viviana"]
[Result "1-0"]
[ECO "A52"]
[WhiteElo "1859"]
[BlackElo "2109"]
[Annotator "NA"]
[PlyCount "79"]
[EventDate "2018.10.20"]
[EventType "swiss"]
[EventCountry "GRE"]
[SourceTitle "playchess.com"]
[Source "ChessBase"]
[SourceQuality "1"]
[TimeControl "40/5400+30:1800+30"]

1. d4 Nf6 2. c4 e5 3. dxe5 Ng4 4. e3 Nxe5 5. Nc3 Nbc6 6. f4 Ng6 7. Bd3 Bc5 8. Qh5 d6 9. Nf3 Nce7 10. Ng5 h6 11. Nge4 Bb6 12. O-O f5 13. Ng3 O-O 14. Kh1 $14 Be6 15. e4 Bf7 16. Qe2 Be6 17. exf5 Bxf5 18. Nxf5 Nxf5 19. Qe6+ Rf7 20. Qxg6 Rf6 21. Qg4 Ne7 22. f5 Nc6 23. Nd5 Rf7 24. Bc2 Ne5 25. Qe4 c6 26. Nc3 Qf6 27. Qf4 Raf8 28. Bd2 Bc7 29. Be1 Qd8 30. Qe4 Rf6 31. Bh4 g5 32. Bg3 Re8 33. Bxe5 Rxe5 34. Qg4 Kh7 35. Ne4 Rf8 36. Qh5 d5 37. Qg6+ Kh8 38. Qxh6+ Kg8 39. Nxg5 Re7 40. f6 1-0

[Event "WYCC 2018 G14"]
[Site "Halkidiki"]
[Date "2018.10.24"]
[Round "6"]
[White "Velea, Anne-Marie"]
[Black "Yedigaryan, Asya"]
[Result "0-1"]
[ECO "B31"]
[WhiteElo "1859"]
[BlackElo "1726"]
[Annotator "NA"]
[PlyCount "66"]
[EventDate "2018.10.20"]
[EventType "swiss"]
[EventCountry "GRE"]
[SourceTitle "playchess.com"]
[Source "ChessBase"]
[SourceQuality "1"]
[TimeControl "40/5400+30:1800+30"]

1. e4 c5 2. Nf3 Nc6 3. Bb5 g6 4. c3 Nf6 5. Qe2 Bg7 6. d4 cxd4 7. cxd4 O-O 8. Nc3 d5 9. e5 Ne4 10. O-O Nxc3 11. bxc3 Na5 12. Bf4 a6 13. Bd3 Bd7 14. a4 Rc8 15. Qb2 Rc6 16. Nd2 Rb6 17. Qa3 Re8 18. Qc5 Rc6 19. Qa3 Qc8 20. Rfc1 Bf5 21. Be2 Bf8 22. Qa2 Rxc3 23. Qb2 Rc2 24. Rxc2 Qxc2 25. Qb4 Nc6 26. Qxb7 Nxd4 27. Bxa6 Qc3 28. Re1 Ne6 29. Bb5 Rc8 30. Be3 d4 31. Bxd4 Qxd2 32. Rf1 Nxd4 33. a5 Qxa5 0-1

[Event "WYCC 2018 G14"]
[Site "Halkidiki"]
[Date "2018.10.24"]
[Round "6"]
[White "Tamrazyan, Gohar"]
[Black "Djordjevic, Nevena"]
[Result "1/2-1/2"]
[ECO "A04"]
[WhiteElo "1824"]
[BlackElo "1704"]
[Annotator "NA"]
[PlyCount "46"]
[EventDate "2018.10.20"]
[EventType "swiss"]
[EventCountry "GRE"]
[SourceTitle "playchess.com"]
[Source "ChessBase"]
[SourceQuality "1"]
[TimeControl "40/5400+30:1800+30"]

1. Nf3 c5 2. c3 d5 3. d4 cxd4 4. cxd4 Nc6 5. Nc3 Bg4 6. Ne5 Nxe5 7. dxe5 d4 8. Qa4+ Qd7 9. Nb5 Rc8 10. Qxd4 Qxb5 11. Qxg4 e6 12. a3 Qa5+ 13. Bd2 Qxe5 14. Qa4+ b5 15. Qb3 Nf6 16. e3 a6 17. a4 Ne4 18. Bd3 Nc5 19. Bxb5+ axb5 20. Qxb5+ Nd7 21. Qxe5 Nxe5 22. Bc3 f6 23. a5 Bd6 1/2-1/2

[Event "WYCC 2018 G14"]
[Site "Halkidiki"]
[Date "2018.10.24"]
[Round "6"]
[White "Kouta, Antonia"]
[Black "Ruzic, Pia Marie"]
[Result "1-0"]
[ECO "C10"]
[WhiteElo "1812"]
[BlackElo "1691"]
[Annotator "NA"]
[PlyCount "89"]
[EventDate "2018.10.20"]
[EventType "swiss"]
[EventCountry "GRE"]
[SourceTitle "playchess.com"]
[Source "ChessBase"]
[SourceQuality "1"]
[TimeControl "40/5400+30:1800+30"]

1. e4 e6 2. d4 d5 3. Nd2 dxe4 4. Nxe4 Nd7 5. Bd3 Ngf6 6. Qe2 c5 7. Nxf6+ Nxf6 8. dxc5 Bxc5 9. Nf3 O-O 10. Bg5 Be7 11. O-O-O Qc7 12. Kb1 a5 13. h4 a4 14. a3 Bd7 15. Ne5 Bc6 16. Rh3 Ra5 17. Re1 Nd5 18. Bd2 Raa8 19. Rg3 Kh8 20. Qh5 Nf6 21. Qg5 Ne8 22. Qe3 Rb8 23. Qe2 Nf6 24. Bc3 b5 25. Ng4 Qd8 26. Ne5 Qc7 27. Qd2 Nd5 28. Nxc6 Nxc3+ 29. Qxc3 Bf6 30. Ne5 Qxc3 31. bxc3 Rfc8 32. Bf1 Rb7 33. Kb2 Rbc7 34. Bxb5 Rb8 35. c4 Rxc4 36. Kc1 Rc5 37. Nd7 Rcxb5 38. Nxb8 Rxb8 39. Re4 g6 40. Rxa4 Rb5 41. Rgg4 Bc3 42. Rgc4 Bb2+ 43. Kd2 Rf5 44. f3 Kg7 45. c3 1-0

[Event "WYCC 2018 G14"]
[Site "Halkidiki"]
[Date "2018.10.24"]
[Round "6"]
[White "Sleurs, Juliette"]
[Black "Krasteva, Beloslava"]
[Result "0-1"]
[ECO "B51"]
[WhiteElo "1812"]
[BlackElo "2089"]
[Annotator "NA"]
[PlyCount "138"]
[EventDate "2018.10.20"]
[EventType "swiss"]
[EventCountry "GRE"]
[SourceTitle "playchess.com"]
[Source "ChessBase"]
[SourceQuality "1"]
[TimeControl "40/5400+30:1800+30"]

1. e4 c5 2. Nf3 d6 3. Bb5+ Nd7 4. d4 cxd4 5. Qxd4 a6 6. Bxd7+ Bxd7 7. c4 Nf6 8. Nc3 e6 9. O-O Be7 10. a4 O-O 11. b3 b5 12. axb5 axb5 13. Rxa8 Qxa8 14. cxb5 Qb7 15. Ba3 Bxb5 16. Nxb5 Qxb5 17. Bxd6 Bxd6 18. Qxd6 Nxe4 19. Qe5 Qxe5 20. Nxe5 Nd2 21. Rd1 Nxb3 22. Rd7 Rc8 23. g3 f6 24. Nf3 Nc5 25. Ra7 e5 26. h4 Nd3 27. Ra1 Rc1+ 28. Rxc1 Nxc1 29. Nd2 Kf7 30. f3 Ne2+ 31. Kf2 Nd4 32. Ke3 Ke6 33. g4 f5 34. gxf5+ Nxf5+ 35. Ke4 Nxh4 36. f4 exf4 37. Kxf4 Ng6+ 38. Kg5 Ne5 39. Ne4 h6+ 40. Kh5 Kf7 41. Nd6+ Kg8 42. Nf5 Kh7 43. Ng3 g6+ 44. Kh4 Kg7 45. Ne4 Nd7 46. Nd6 Nf6 47. Nc4 g5+ 48. Kg3 Kg6 49. Ne3 h5 50. Nc4 h4+ 51. Kh3 Kh5 52. Ne3 g4+ 53. Kg2 Ne4 54. Kh2 Kg5 55. Kg2 Nc5 56. Nd5 Nd3 57. Ne3 Nf4+ 58. Kf2 h3 59. Kg3 Nh5+ 60. Kh2 Kf4 61. Nf1 Nf6 62. Ng3 Kf3 63. Nf5 Ne4 64. Nd4+ Kf2 65. Nf5 Nd2 66. Kh1 g3 67. Nxg3 Kxg3 68. Kg1 Ne4 69. Kh1 Nf2+ 0-1

[Event "WYCC 2018 G14"]
[Site "Halkidiki"]
[Date "2018.10.24"]
[Round "6"]
[White "Obada, Ema"]
[Black "Stepanyan, Eva"]
[Result "0-1"]
[ECO "B43"]
[WhiteElo "1811"]
[BlackElo "1981"]
[Annotator "NA"]
[PlyCount "92"]
[EventDate "2018.10.20"]
[EventType "swiss"]
[EventCountry "GRE"]
[SourceTitle "playchess.com"]
[Source "ChessBase"]
[SourceQuality "1"]
[TimeControl "40/5400+30:1800+30"]

1. e4 c5 2. Nc3 e6 3. Nf3 a6 4. d4 cxd4 5. Nxd4 Qc7 6. Bd3 Nf6 7. O-O Be7 8. Qe2 $11 {[%emt 0:03:20] LiveBook: 24 Games} d6 9. Bd2 Nbd7 10. Kh1 b5 11. a3 Bb7 12. Rae1 O-O 13. f4 Nc5 14. Rf3 Rfe8 15. Rg3 Rad8 16. b4 Nxd3 17. cxd3 Kh8 18. Rf1 Bf8 19. Nf3 g6 20. Rh3 Bg7 21. Qf2 e5 22. fxe5 dxe5 23. Ng5 Kg8 24. Rf3 Rd6 25. Qh4 h6 26. Nh3 g5 27. Nxg5 hxg5 28. Bxg5 Nh7 29. Rxf7 Qxc3 30. Bh6 Bxh6 31. Qg4+ Ng5 32. h4 Bc8 33. Qh5 Nh7 34. Rxh7 Kxh7 35. Qxe8 Qc6 36. Qxe5 Qd7 37. Qh5 Rg6 38. Rc1 Rg7 39. d4 Qg4 40. Qxg4 Bxg4 41. Rc6 Rf7 42. Rxa6 Rf1+ 43. Kh2 Bf4+ 44. g3 Rf2+ 45. Kg1 Be3 46. Ra7+ Rf7+ 0-1

[Event "WYCC 2018 G14"]
[Site "Halkidiki"]
[Date "2018.10.24"]
[Round "6"]
[White "Bardorz, Jana"]
[Black "Guillo Longares, Cecilia"]
[Result "1/2-1/2"]
[ECO "B25"]
[WhiteElo "1810"]
[BlackElo "1998"]
[Annotator "NA"]
[PlyCount "146"]
[EventDate "2018.10.20"]
[EventType "swiss"]
[EventCountry "GRE"]
[SourceTitle "playchess.com"]
[Source "ChessBase"]
[SourceQuality "1"]
[TimeControl "40/5400+30:1800+30"]

1. e4 c5 2. Nc3 Nc6 3. g3 g6 4. Bg2 Bg7 $11 {[%emt 0:00:00] LiveBook: 5171 Games} 5. d3 d6 6. f4 e6 7. Nf3 Nge7 8. O-O O-O 9. Be3 b6 10. h3 Bb7 11. g4 Nd4 12. Rb1 f5 13. Nd2 Nec6 14. Ne2 Nxe2+ 15. Qxe2 Rb8 16. c3 d5 17. e5 d4 18. Bf2 dxc3 19. bxc3 Qd7 20. Nc4 Ne7 21. Bxb7 Rxb7 22. Nd6 Rbb8 23. g5 Rfd8 24. Rfd1 Nd5 25. Qd2 Bf8 26. c4 Nb4 27. d4 Na6 28. dxc5 bxc5 29. Qa5 Qc6 30. Nb5 Qb6 31. Qxb6 axb6 32. Nd6 Nb4 33. a3 Nc6 34. Rd3 Na5 35. Rbd1 Rd7 36. Be1 Nc6 37. Ne4 Rxd3 38. Nf6+ Kg7 39. Rxd3 Nd4 40. Kf2 Rb7 41. Bc3 Ra7 42. Bb2 Ra4 43. Rc3 Be7 44. h4 b5 45. cxb5 Nxb5 46. Rb3 Ra5 47. a4 Rxa4 48. Rxb5 Rxf4+ 49. Kg3 Rb4 50. Rxb4 cxb4 51. Kf3 Bc5 52. Nd7 Ba7 53. Ke2 Kf7 54. Nf6 Kg7 55. Ne8+ Kf8 56. Nc7 Ke7 57. Nb5 Bb8 58. Nd4 Kd7 59. Nc2 b3 60. Na1 Kc6 61. Nxb3 Kd5 62. Kf3 Bxe5 63. Bxe5 Kxe5 64. Nc5 Kd6 65. Nd3 e5 66. Ke3 Kd5 67. Nb4+ Kc5 68. Na6+ Kb6 69. Nb8 Kc7 70. Na6+ Kb6 71. Nb4 Kc5 72. Nd3+ Kd5 73. Nf2 Kc5 1/2-1/2